AoeStats
← EL REGRESO DE JD

Black Forest

506548752Analyzed
4v4 RM · 17d ago on Sep 14, 2026· 63m 42s· 8 players
Game mode
Random Map
Map size
Large (8 player)
Population
200
Speed
Normal
Resources
Standard
Victory
Conquest
Starting age
Dark Age
Ending age
Imperial Age
RankedLock teamsTeams togetherTeam positionsShared explorationLock speedFull tech treeHidden civsTurbo modeCheats
Victory
Defeat
🇨🇱 Turks · Chile
908
+14
🇵🇪 Celts · Peru
897
+15
🇪🇨 Britons · Ecuador
844
+17
🇦🇷 Byzantines · Argentina
782
+20
🇺🇸 Hindustanis · United States
961
-20
🇪🇸 Mongols · Spain
880
-17
🇺🇸 Goths · United States
853
-16
🇨🇴 Khmer · Colombia
785
-13
albe.nuneza
1:35 Loom
12:47 Feudal Age
18:41 Castle Age
16:45 Double-Bit Axe
16:59 Horse Collar
17:43 Gold Mining
20:17 Wheelbarrow
20:12 Bow Saw
21:16 Stone Mining
24:58 Town Watch
26:16 Fervor
26:35 Heavy Plow
27:50 Hand Cart
29:42 Gold Shaft Mining
30:41 Caravan
32:03 Murder Holes
35:26 Imperial Age
32:59 Fletching
33:10 Padded Archer Armor
33:17 Scale Barding Armor
33:23 Forging
34:43 Ballistics
34:04 Treadmill Crane
34:35 Masonry
35:23 Town Patrol
36:08 Artillery
36:59 Leather Archer Armor
36:40 Bodkin Arrow
36:26 Elite Janissary
39:28 Ring Archer Armor
49:44 Bombard Tower
49:55 Architecture
50:10 Arrowslits
50:43 Bracer
51:06 Chain Barding Armor
55:49 Bloodlines
55:41 Husbandry
58:22 Plate Barding Armor
58:23 Iron Casting
EL REGRESO DE JD
1:19 Loom
12:54 Feudal Age
18:07 Castle Age
17:20 Horse Collar
18:50 Double-Bit Axe
20:24 Heavy Plow
21:14 Fervor
21:21 Bow Saw
21:44 Fervor
24:09 Gold Mining
31:44 Imperial Age
32:42 Heavy Scorpion
35:24 Chemistry
35:01 Furor Celtica
35:57 Gold Shaft Mining
38:40 Wheelbarrow
37:51 Town Watch
44:43 Town Patrol
44:59 Hand Cart
46:45 Siege Engineers
49:08 Pikeman
50:04 Forging
49:54 Scale Mail Armor
51:27 Husbandry
50:50 Light Cavalry
53:48 Halberdier
54:14 Arson
55:14 Iron Casting
55:34 Ballistics
57:10 Blast Furnace
56:25 Chain Mail Armor
62:22 Gambesons
63:11 Plate Mail Armor
63:45 Scale Barding Armor
63:08 Hussar
alva_mateos
2:13 Loom
11:21 Feudal Age
18:37 Castle Age
17:24 Double-Bit Axe
17:21 Horse Collar
17:49 Stone Mining
17:50 Gold Mining
18:02 Fletching
19:53 Bow Saw
22:00 Heavy Plow
27:44 Imperial Age
26:23 Wheelbarrow
26:23 Caravan
28:27 Padded Archer Armor
28:23 Bodkin Arrow
28:28 Scale Mail Armor
30:00 Hand Cart
30:52 Two-Man Saw
32:02 Leather Archer Armor
32:03 Chain Mail Armor
33:52 Ring Archer Armor
33:46 Ballistics
34:26 Chemistry
33:50 Scale Barding Armor
34:05 Pikeman
34:45 Squires
34:13 Elite Skirmisher
35:19 Conscription
35:04 Bracer
35:55 Crop Rotation
36:16 Hoardings
36:39 Fortified Wall
36:27 Murder Holes
36:58 Logistica
37:11 Logistica
37:47 Elite Cataphract
38:42 Forging
39:34 Thumb Ring
41:39 Plate Mail Armor
41:44 Iron Casting
41:00 Gambesons
47:02 Guilds
47:33 Chain Barding Armor
48:00 Halberdier
49:49 Plate Barding Armor
52:35 Husbandry
53:55 Treadmill Crane
WinyHornet8
12:58 Feudal Age
19:47 Castle Age
17:48 Horse Collar
19:03 Double-Bit Axe
19:15 Gold Mining
19:19 Stone Mining
23:32 Gold Shaft Mining
23:00 Heavy Plow
23:21 Caravan
25:57 Bow Saw
33:12 Imperial Age
31:19 Ballistics
30:52 Fletching
31:04 Padded Archer Armor
31:55 Wheelbarrow
35:08 Hand Cart
35:21 Guilds
35:09 Bodkin Arrow
35:30 Leather Archer Armor
35:19 Town Watch
36:45 Chemistry
35:57 Siege Engineers
35:52 Elite Longbowman
37:10 Yeomen
37:13 Conscription
37:16 Pikeman
37:59 Squires
37:46 Arson
37:50 Gambesons
38:28 Warwolf
38:34 Bracer
39:16 Ring Archer Armor
38:58 Forging
38:49 Scale Mail Armor
50:04 Halberdier
59:00 Murder Holes
59:31 Fortified Wall
59:33 Masonry
59:29 Town Patrol
Reywell10
0:28 Loom
2:48 Loom
13:31 Feudal Age
19:53 Castle Age
18:06 Horse Collar
18:17 Double-Bit Axe
19:16 Gold Mining
19:20 Stone Mining
22:21 Heavy Plow
25:33 Bow Saw
28:23 Anarchy
35:30 Stone Shaft Mining
39:09 Imperial Age
37:49 Squires
44:09 Forging
44:00 Scale Mail Armor
44:41 Elite Huskarl
51:48 Iron Casting
51:29 Chain Mail Armor
53:20 Wheelbarrow
56:15 Light Cavalry
56:56 Husbandry
57:07 Bloodlines
57:18 Hussar
61:44 Blast Furnace
60:50 Scale Barding Armor
DOLAR2305
0:42 Loom
15:26 Feudal Age
17:17 Wheelbarrow
16:30 Double-Bit Axe
16:41 Gold Mining
16:43 Stone Mining
26:53 Castle Age
24:44 Horse Collar
26:13 Forging
26:09 Scale Barding Armor
26:06 Scale Mail Armor
26:07 Padded Archer Armor
25:57 Fletching
28:36 Hand Cart
29:45 Gold Shaft Mining
30:00 Heavy Plow
30:40 Stone Shaft Mining
35:24 Imperial Age
34:10 Town Watch
36:41 Drill
36:43 Conscription
35:52 Onager
38:28 Siege Onager
41:20 Iron Casting
41:05 Chain Barding Armor
41:56 Bow Saw
43:30 Chemistry
42:26 Murder Holes
45:04 Husbandry
45:14 Bloodlines
44:26 Elite Steppe Lancer
45:01 Light Cavalry
45:48 Hussar
52:58 Caravan
53:33 Coinage
53:11 Elite Mangudai
60:28 Heavy Scorpion
711WasAPartTimeJob
12:10 Feudal Age
12:10 Loom
17:17 Castle Age
15:22 Fishing Lines
15:58 Double-Bit Axe
16:06 Horse Collar
18:19 Bow Saw
21:21 Heavy Plow
21:49 Gold Mining
23:50 Stone Mining
24:54 Wheelbarrow
24:05 Town Watch
25:25 Gillnets
26:23 Grand Trunk Road
29:31 Imperial Age
27:40 Wheelbarrow
28:23 Caravan
28:46 Scale Mail Armor
28:57 Forging
29:07 Padded Archer Armor
30:36 Chain Mail Armor
30:56 Iron Casting
30:46 Conscription
29:47 Elite Ghulam
31:48 Chemistry
31:52 Shatagni
33:35 Two-Man Saw
37:30 Squires
37:15 Arson
36:51 Pikeman
37:37 Elite Skirmisher
38:22 Thumb Ring
39:28 Blast Furnace
38:25 Fletching
39:21 Siege Engineers
44:41 Bodkin Arrow
50:36 Scale Barding Armor
64:04 Bracer
64:20 Leather Archer Armor
EL THANOS
0:51 Loom
13:23 Feudal Age
13:53 Double-Bit Axe
20:12 Castle Age
21:21 Bow Saw
25:21 Gold Mining
25:22 Stone Mining
25:15 Horse Collar
29:35 Tusk Swords
31:36 Heavy Plow
37:04 Imperial Age
37:07 Wheelbarrow
37:59 Heavy Scorpion
40:10 Chemistry
39:39 Double Crossbow
48:34 Caravan
48:55 Elite Skirmisher
56:37 Hand Cart
56:08 Town Watch
57:10 Crop Rotation
58:37 Ballistics
59:13 Capped Ram
60:26 Padded Archer Armor
60:17 Fletching
60:42 Siege Ram
Connection lost

Rejoining the realm…

Still unreachable

The connection could not be restored.

Session expired

The server has moved on; the page needs a fresh start.